 Dungeon Crawl Stone Soup version 0.15.0-13-gb296d5c (webtiles) character file.

43460 Peake the Hoplite (level 14, 0/125 HPs)
             Began as a Hill Orc Fighter on Sept 2, 2014.
             Was the Champion of Qazlal.
             Slain by a sun demon (5 damage)
             ... summoned by a deep elf demonologist
             ... on Level 1 of the Elven Halls on Sept 3, 2014.
             The game lasted 02:27:13 (21543 turns).

Peake the Hoplite (Hill Orc Fighter)               Turns: 21543, Time: 02:27:14

HP   0/125       AC 20     Str 21      XL: 14   Next: 24%
MP  26/26        EV  6     Int 11      God: Qazlal [******]
Gold 1688        SH 22     Dex 13      Spells:  0 memorised, 13 levels left

rFire  + + .     SeeInvis +     c - +1 falchion (elec)
rCold  + . .     Clarity  .     T - +0 plate armour
rNeg   . . .     rCorr    .     J - +0 shield
rPois  .         rRot     .     F - +0 hat {Int+3}
rElec  .         Spirit   .     B - +0 cloak
SustAb .         Warding  .     M - +2 pair of gloves
rMut   +         Stasis   .     (no boots)
Gourm  .                        q - amulet of resist mutation
MR     +....                    Q - ring of see invisible
                                g - ring of protection from fire

@: protected from fire, repel missiles, somewhat resistant to hostile
enchantments, extremely unstealthy
A: cold resistance 1
a: Upheaval, Elemental Force, Disaster Area, Renounce Religion


You were on level 1 of the Elven Halls.
You worshipped Qazlal.
Qazlal was exalted by your worship.
You were not hungry.

You visited 4 branches of the dungeon, and saw 19 of its levels.
You also visited: Labyrinth.

You collected 1714 gold pieces.
You spent 26 gold pieces at shops.

Inventory:

Hand weapons
 c - a +1 falchion of electrocution (weapon)
 s - the +8 flail of the Vaults {freeze, Int-4}
   (You found it on level 11 of the Dungeon)

   It has been specially enchanted to freeze those struck by it, causing extra
   injury to most foes and up to double damage against particularly susceptible
   opponents.
   It can also slow down cold-blooded creatures.
   It affects your intelligence (-4).
 x - a +2 long sword of holy wrath
 P - a +2 long sword of flaming
Missiles
 S - 3 tomahawks (quivered)
Armour
 t - the +3 cloak of Flash {+Fly EV+4}
   (You found it on level 1 of the Elven Halls)

   It affects your evasion (+4).
   It lets you fly.
 B - a +0 cloak (worn)
 E - a +1 ring mail of poison resistance
 F - a +0 hat of intelligence (worn)
 J - a +0 shield (worn)
 M - a +2 pair of gloves (worn)
 T - a +0 plate armour (worn)
Magical devices
 o - a wand of paralysis (5)
 y - a wand of digging (24)
 W - a wand of cold (6)
Comestibles
 d - 11 meat rations
 j - 6 slices of pizza
 N - 10 royal jellies
 R - a chunk of elf flesh
Scrolls
 a - 3 scrolls of immolation {unknown}
 h - 9 scrolls of remove curse
 i - 10 scrolls of identify
 m - 2 scrolls of teleportation
 n - 2 scrolls of blinking
 p - 2 scrolls of amnesia
 r - 3 scrolls of magic mapping
 u - a scroll of enchant weapon
 v - 2 scrolls of enchant armour
 O - a scroll of brand weapon {unknown}
Jewellery
 b - a cursed ring of protection from fire
 g - a ring of protection from fire (left hand)
 q - an amulet of resist mutation (around neck)
 C - an uncursed ring of sustain abilities
 Q - a ring of see invisible (right hand)
Potions
 e - 2 potions of might
 f - 5 potions of curing
 k - 3 potions of haste
 z - a potion of cancellation {unknown}
 A - 2 potions of heal wounds
 D - 2 potions of flight
 H - 4 potions of restore abilities {unknown}
 I - 2 potions of cure mutation {unknown}
 K - a potion of invisibility {unknown}
 L - a potion of confusion {unknown}
Books
 l - a book of the Tempests

   Spells                             Type                      Level
   Static Discharge                   Conjuration/Air              3
   Lightning Bolt                     Conjuration/Air              5
   Fireball                           Conjuration/Fire             5
   Tornado                            Air                          9
   Shatter                            Earth                        9
 w - a book of Clouds

   Spells                             Type                      Level
   Mephitic Cloud                     Conjuration/Poison/Air       3
   Conjure Flame                      Conjuration/Fire             3
   Poisonous Cloud                    Conjuration/Poison/Air       6
   Freezing Cloud                     Conjuration/Ice/Air          6
   Ring of Flames                     Charms/Fire                  7
 G - a book of Cantrips

   Spells                             Type                      Level
   Corona                             Hexes                        1
   Animate Skeleton                   Necromancy                   1
   Summon Small Mammal                Summoning                    1
   Apportation                        Translocation                1


   Skills:
 + Level 11.8 Fighting
 + Level 12.9 Long Blades
 - Level 5.7 Maces & Flails
 + Level 0.6 Throwing
 + Level 11.2 Armour
 - Level 1.7 Dodging
 - Level 1.0 Stealth
 + Level 14.9 Shields
 * Level 8.4 Invocations
 - Level 0.2 Evocations


You had 13 spell levels left.
You didn't know any spells.

Dungeon Overview and Level Annotations

Branches:
Dungeon (12/15)            Temple (0/1) D:6             Orc (4/4) D:10
    Elf (1/3) Orc:4          Lair (2/8) D:9

Altars:
Ashenzari
Fedhas
Kikubaaqudgha
Nemelex Xobeh
Okawaru
Qazlal
Trog
Vehumet

Shops:
D:12 !   Orc:2 [   Orc:4 :}*!

Annotations:
Lair:2 Fannar


Innate Abilities, Weirdness & Mutations

Your flesh is cold resistant.


Message History

Some rock shatters into small pieces.
You block the deep elf demonologist's attack.
Use which ability? (? or * to list)
Okay, then.
Use which ability? (? or * to list)
You fail to use your ability.
The sun demon is struck by lightning.
The sun demon hits you!
* * * LOW HITPOINT WARNING * * *
You are engulfed in flames.
You resist.
You feel protected from fire.
* * * LOW HITPOINT WARNING * * *
The deep elf fighter is struck by lightning.
You kill the deep elf fighter!
Qazlal accepts your kill.
The deep elf demonologist casts a spell.
The cacodemon gestures next to the hellwing.
Some rock shatters into small pieces.
The sun demon hits you!
* * * LOW HITPOINT WARNING * * *
You are engulfed in flames.
You resist.
You die...

##.......###
#.. #
##.....##
#.##.##.#
##...##
#.......#
####'##
###..####
#.##.# #.)#
#.#.#.# #..#
#.# #ee## #..#
.# ##..#####
#.3# ##.....#
#.@# ##..#.#
#4e#
#.#.#.##.4ยง#
#.##.e....24#
#.......######
#.####.#.# .#
#...# #####


You could see a cacodemon, a sun demon, a deep elf demonologist, a hellwing and
2 sixfirhies.

Vanquished Creatures
  An orc warlord (Orc:3)
  Gastronok (Lair:1)
  A minotaur (Lab)
  Nessos (Orc:4)
  3 orc high priests (Orc:4)
  3 deep elf knights (Elf:1)
  An unseen horror (D:10)
  3 hill giants
  7 orc knights
  Pikel (D:6)
  5 deep elf conjurers (Elf:1)
  2 ugly things
  5 orc sorcerers (Orc:4)
  2 sixfirhies (Orc:4)
  A cyclops (D:11)
  5 elephants
  3 gargoyles
  3 spiny frogs (Lair:1)
  A queen ant (Lair:2)
  2 kobold demonologists (D:12)
  A deep elf priest (Elf:1)
  A hydra zombie (D:9)
  5 trolls
  3 blink frogs (Lair:1)
  A two-headed ogre (D:9)
  A hydra skeleton (D:10)
  A basilisk (Lair:1)
  2 wyverns
  2 shadows
  An air elemental (Orc:3)
  5 deep elf magi
  5 yaks
  A wraith (D:12)
  A deep elf fighter (Elf:1)
  A hippogriff (D:10)
  4 wargs
  3 humans (D:10)
  20 soldier ants
  A yellow wasp (D:8)
  A necrophage (D:11)
  17 water moccasins
  2 ice beasts
  5 sky beasts
  3 porcupines (Lair:1)
  27 orc warriors
  A phantom (D:7)
  A slave (D:5)
  3 black bears
  5 centaurs
  7 ogres
  4 big kobolds
  3 giant frogs
  A cyclops zombie (D:12)
  3 scorpions
  A hippogriff zombie (D:8)
  13 killer bees
  A warg zombie (Orc:4)
  17 wights
  A yak skeleton (D:8)
  An electric eel (Lair:1)
  7 crimson imps
  5 goliath beetles
  8 hounds
  6 jellies
  A quasit (D:12)
  3 centaur skeletons
  A giant frog skeleton (D:10)
  24 orc priests
  4 iguanas
  29 orc wizards
  26 worker ants
  2 sheep (D:8)
  Ijyb (D:5)
  An ogre zombie (Orc:4)
  A big kobold skeleton (D:6)
  A mummy (D:10)
  3 ogre skeletons (Lab)
  9 gnolls
  18 green rats (Lair:1)
  31 adders
  17 orc zombies
  2 shadow imps
  A giant mite (D:3)
  A worm (D:2)
  An adder zombie (D:9)
  2 iguana zombies
  An adder skeleton (D:7)
  7 giant geckos
  7 oozes
  164 orcs
  12 bats
  4 giant cockroaches
  18 goblins
  20 hobgoblins
  4 jackals (D:2)
  5 quokkas
  A ball python (D:2)
  A giant gecko skeleton (D:6)
  4 giant newts
  2 giant spores
  2 hobgoblin skeletons (D:6)
  38 kobolds
  4 orc skeletons
  13 rats
  14 ballistomycetes
  3 fungi
  2 plants
758 creatures vanquished.

Vanquished Creatures (collateral kills)
  An orc wizard (Orc:4)
  An orc (Orc:4)
2 creatures vanquished.

Vanquished Creatures (others)
  2 fire elementals (Orc:4)
  A sky beast (D:10)
  A slave (D:6)
  A human (D:7)
  A giant frog (D:6)
  An electric eel (D:9)
  2 hounds
  An orc priest (Orc:4)
  2 orc wizards
  3 orcs (D:8)
  A goblin (D:6)
  2 giant spores (D:8)
  3 fungi (Lair:1)
21 creatures vanquished.

Grand Total: 781 creatures vanquished

Notes
Turn   | Place    | Note
--------------------------------------------------------------
     0 | D:1      | Peake, the Hill Orc Fighter, began the quest for the Orb.
     0 | D:1      | Reached XP level 1. HP: 19/19 MP: 1/1
   162 | D:1      | Reached skill level 4 in Fighting
   162 | D:1      | Reached XP level 2. HP: 22/27 MP: 2/2
   824 | D:2      | Reached XP level 3. HP: 29/34 MP: 3/3
  1409 | D:2      | Reached XP level 4. HP: 34/41 MP: 4/4
  2181 | D:3      | Reached XP level 5. HP: 35/47 MP: 5/5
  2278 | D:3      | Found a shattered altar of Ashenzari.
  2279 | D:3      | Found a sparkling altar of Nemelex Xobeh.
  2421 | D:3      | Reached skill level 5 in Fighting
  2481 | D:3      | Reached skill level 1 in Dodging
  2932 | D:5      | Entered Level 5 of the Dungeon
  3124 | D:5      | Reached XP level 6. HP: 52/56 MP: 6/6
  3439 | D:5      | Found a blossoming altar of Fedhas.
  3540 | D:4      | Found a stormy altar of Qazlal.
  3544 | D:4      | Became a worshipper of Qazlal Stormbringer
  4165 | D:5      | Noticed a black bear
  4182 | D:5      | Killed a black bear
  4182 | D:5      | Reached skill level 5 in Shields
  4182 | D:5      | Reached XP level 7. HP: 40/61 MP: 7/7
  4623 | D:6      | Reached skill level 5 in Armour
  4702 | D:6      | Noticed Ijyb
  4737 | D:5      | Killed Ijyb
  5035 | D:6      | Reached skill level 6 in Fighting
  5773 | D:5      | Reached skill level 5 in Long Blades
  5857 | D:6      | Reached XP level 8. HP: 68/70 MP: 8/8
  5901 | D:6      | Found a radiant altar of Vehumet.
  6143 | D:6      | Noticed Pikel
  6160 | D:6      | Acquired Qazlal's first power
  6183 | D:6      | Killed Pikel
  6219 | D:6      | Found a shattered altar of Ashenzari.
  6227 | D:6      | Saw a vision of the Shoals and the Spider Nest.
  6227 | D:6      | Noticed a mermaid
  6227 | D:6      | Noticed a merfolk
  6227 | D:6      | Noticed a merfolk
  6227 | D:6      | Noticed a merfolk
  6227 | D:6      | Noticed a sea snake
  6227 | D:6      | Noticed a mermaid
  6227 | D:6      | Noticed a merfolk
  6227 | D:6      | Noticed a sea snake
  6227 | D:6      | Noticed a trapdoor spider
  6228 | D:6      | Noticed a merfolk
  6228 | D:6      | Noticed a merfolk
  6230 | D:6      | Noticed a redback
  6692 | D:6      | Reached skill level 7 in Fighting
  6728 | D:6      | Found a staircase to the Ecumenical Temple.
  6787 | D:6      | Noticed a yak
  6788 | D:6      | Noticed a yak
  6788 | D:6      | Noticed a yak
  6788 | D:6      | Noticed a yak
  6821 | D:6      | Killed a yak
  6821 | D:6      | Reached XP level 9. HP: 67/79 MP: 9/9
  6825 | D:6      | Killed a yak
  6828 | D:6      | Killed a yak
  6839 | D:6      | Killed a yak
  7213 | D:7      | Reached skill level 8 in Shields
  7305 | D:7      | Found an ancient bone altar of Kikubaaqudgha.
  7365 | D:7      | Acquired Qazlal's second power
  8053 | D:8      | Reached XP level 10. HP: 86/88 MP: 10/10
  8995 | D:8      | Paralysed by a yellow wasp for 1 turns
  9001 | D:8      | Reached skill level 9 in Shields
  9364 | D:8      | Acquired Qazlal's third power
  9399 | D:9      | Found a staircase to the Lair.
  9710 | D:9      | Noticed an elephant
  9725 | D:9      | Killed an elephant
 10196 | D:9      | Reached skill level 10 in Shields
 10755 | Lair:1   | Entered Level 1 of the Lair of Beasts
 10756 | Lair:1   | Found a labyrinth entrance.
 10766 | Lab      | Entered a labyrinth
 11044 | Lab      | Reached XP level 11. HP: 76/97 MP: 11/11
 11071 | Lab      | Reached skill level 10 in Long Blades
 11272 | Lab      | Noticed a minotaur
 11287 | Lab      | Killed a minotaur
 11503 | Lair:1   | Noticed Gastronok
 11548 | Lair:1   | Killed Gastronok
 11548 | Lair:1   | Reached skill level 1 in Stealth
 11768 | Lair:1   | Reached skill level 11 in Shields
 11926 | Lair:1   | Acquired Qazlal's fourth power
 12079 | Lair:1   | Reached skill level 10 in Fighting
 12146 | Lair:1   | Reached skill level 1 in Invocations
 12254 | Lair:1   | Reached skill level 1 in Maces & Flails
 12985 | Lair:2   | Reached XP level 12. HP: 87/107 MP: 14/14
 13191 | Lair:1   | Reached skill level 12 in Shields
 13362 | Lair:2   | Acquired Qazlal's fifth power
 13813 | Lair:2   | Noticed Fannar
 13948 | D:10     | Entered Level 10 of the Dungeon
 13976 | D:10     | Reached skill level 10 in Armour
 15003 | D:10     | Found a staircase to the Orcish Mines.
 15280 | D:10     | Found an iron altar of Okawaru.
 15405 | D:10     | Found a bloodstained altar of Trog.
 15503 | D:10     | Got a smoking hand crossbow
 15666 | Orc:1    | Entered Level 1 of the Orcish Mines
 15859 | Orc:2    | Found Twacaage's Armour Emporium.
 16005 | Lair:1   | Identified the cursed -1 hand crossbow "Arphaiveh" {venom, +Inv rN+} (You found it on level 10 of the Dungeon)
 16019 | Lair:1   | Identified a +2 rod of shadows (12/12) (You found it on level 1 of the Lair of Beasts)
 16409 | Orc:3    | Found a bloodstained altar of Trog.
 16576 | Orc:3    | Reached skill level 13 in Shields
 16835 | Orc:3    | Noticed an orc warlord
 16856 | Orc:2    | Reached skill level 5 in Maces & Flails
 16856 | Orc:2    | Reached XP level 13. HP: 107/115 MP: 19/21
 16885 | Orc:3    | Killed an orc warlord
 16963 | Orc:3    | Reached skill level 5 in Invocations
 17623 | Orc:4    | Entered Level 4 of the Orcish Mines
 17625 | Orc:4    | Noticed Nessos
 17643 | Orc:4    | Killed Nessos
 17870 | Orc:4    | Found a staircase to the Elven Halls.
 18615 | Orc:4    | Reached skill level 14 in Shields
 18805 | Orc:4    | Found Skeuskal's Distillery.
 18814 | Orc:4    | Paralysed by an orc sorcerer for 4 turns
 18824 | Orc:4    | Paralysed by an orc sorcerer for 7 turns
 18828 | Orc:4    | HP: 4/116 [chaos spawn[an orc sorcerer] (5)]
 19175 | Orc:4    | Found Kleusoek's General Store.
 19179 | Orc:4    | Found Vuall's Gadget Shop.
 19180 | Orc:4    | Bought a scroll of identify for 26 gold pieces
 19182 | Orc:4    | Found Otam's Book Shoppe.
 19478 | Lair:1   | Gained mutation: Your flesh is cold resistant. [mutagenic glow]
 19540 | D:11     | Got a brightly glowing flail
 19609 | D:11     | Identified the +8 flail of the Vaults {freeze, Int-4} (You found it on level 11 of the Dungeon)
 20503 | D:12     | Found Blass' Distillery.
 20569 | D:12     | Reached XP level 14. HP: 124/124 MP: 25/25
 21123 | Elf:1    | Entered Level 1 of the Elven Halls
 21528 | Elf:1    | Noticed a deep elf demonologist
 21541 | Elf:1    | Noticed a cacodemon
 21543 | Elf:1    | HP: 5/125 [sun demon[a deep elf demonologist] (16)]
 21543 | Elf:1    | Slain by a sun demon

Action                   |  1- 3 |  4- 6 |  7- 9 | 10-12 | 13-15 || total
-------------------------+-------+-------+-------+-------+-------++-------
Melee: Long sword        |   106 |   272 |   322 |       |       ||   700
       Scimitar          |       |       |   311 |  1240 |       ||  1551
       Mace              |       |       |       |    22 |       ||    22
       Falchion          |       |       |       |   107 |   705 ||   812
Throw: Tomahawk          |       |       |       |     1 |     1 ||     2
Invok: Upheaval          |       |       |       |     4 |     8 ||    12
       Elemental Force   |       |       |       |       |     3 ||     3
Evoke: Wand              |       |       |       |     4 |       ||     4
  Use: Scroll            |       |       |       |    22 |     2 ||    24
       Potion            |       |       |       |     3 |     1 ||     4
 Stab: Distracted        |       |       |       |       |     1 ||     1
  Eat: Chunk             |     2 |     9 |    13 |    28 |    16 ||    68
       Fruit             |       |       |     1 |       |       ||     1
       Beef jerky        |       |       |       |     1 |       ||     1
